 Dungeon Crawl Stone Soup version 0.28.0-43-g3370ac3207 (webtiles) character file.

Game seed: 12332221785967617585

37 adizb the Gusty (level 3, 0/26 HPs)
             Began as a Draconian Air Elementalist on Mar 15, 2022.
             Slain by Sigmund
             ... wielding a +0 scythe
              (9 damage)
             ... on level 2 of the Dungeon.
             The game lasted 00:04:49 (1062 turns).

adizb the Gusty (Draconian Air Elementalist)        Turns: 1062, Time: 00:04:49

Health: 0/26       AC:  5    Str: 10    XL:     3   Next: 23%
Magic:  4/6        EV: 12    Int: 17    God:
Gold:   22         SH:  0    Dex: 11    Spells: 6/7 levels left

rFire   . . .      SeeInvis .   d - +2 dagger (vamp)
rCold   . . .      Faith    .   (no shield)
rNeg    . . .      Spirit   .   (armour unavailable)
rPois   .          Reflect  .   (helmet restricted)
rElec   .          Harm     .   (no cloak)
rCorr   .          Rampage  .   (no gloves)
Will    .....                   (no boots)
Stlth   ++........              (no amulet)
HPRegen 0.08/turn               (no ring)
MPRegen 0.10/turn               (no ring)

@: no status effects
A: AC +5, unfitting armour, cold-blooded
a: no special abilities


You were on level 2 of the Dungeon.
You visited 1 branch of the dungeon, and saw 2 of its levels.

You collected 22 gold pieces.

Inventory:

Hand Weapons
 b - a +0 dagger
 d - a +2 vampiric dagger (weapon)
Scrolls
 a - a scroll of silence {unknown}
 e - a scroll of fear {unknown}


   Skills:
 - Level 1.7 Dodging
 - Level 1.7 Stealth
 + Level 2.5 Spellcasting
 + Level 2.0 Conjurations
 + Level 3.5 Air Magic


You had 6 spell levels left.
You knew the following spells:

 Your Spells              Type           Power      Damage    Failure   Level
a - Shock                 Conj/Air       44%        1d5       6%          1

Your spell library contained the following spells:

 Spells                   Type           Power      Damage    Failure   Level
 Static Discharge         Conj/Air       11%        N/A       9%          2
 Swiftness                Air            14%        N/A       13%         3
 Apportation              Tloc           4%         N/A       19%         1
 Airstrike                Air            7%         N/A       41%         4
 Alistair's Intoxication  Tmut/Pois      1%         N/A       99%         5


Dungeon Overview and Level Annotations

Branches:
Dungeon (2/15)

Altars:

Annotations:
D:2 Jessica, Sigmund


Innate Abilities, Weirdness & Mutations

Your plain brown scales are hard. (AC +5)
You cannot fit into any form of body armour.
You are cold-blooded and may be slowed by cold attacks.


Message History

The zap misses Jessica.
The giant cockroach closely misses you.
Sigmund the Dreaded comes into view.
He is wielding a +0 scythe and wearing a +1 robe of willpower.
The giant cockroach bites you but does no damage.
Jessica gestures wildly while chanting.
Jessica blinks!
Sigmund gestures at you while chanting.
You are confused.
The giant cockroach bites you.
Jessica mumbles some strange words.
Jessica blinks!
You bump into the rock wall.
The giant cockroach bites you but does no damage.
You hit the giant cockroach.
You feel better.
The giant cockroach is moderately wounded.
The giant cockroach barely misses you.
Sigmund hits you from afar with a +0 scythe!
* * * LOW HITPOINT WARNING * * *
You feel less confused.
It was a potion of curing.
You feel better.
The giant cockroach bites you but does no damage. x2
Sigmund flickers, as though insubstantial.
Aiming: Shock (safe; 6% risk of failure)
Press: ? - help, Q - select action Shift-Dir - straight line, p - Jessica The zap hits the giant cockroach.
The giant cockroach is severely wounded.
The zap misses Sigmund.
The zap hits Sigmund.
Sigmund is lightly wounded.
The zap hits Jessica.
Jessica is heavily wounded.
The giant cockroach barely misses you.
Aiming: Shock (safe; 6% risk of failure)
Press: ? - help, Q - select action Shift-Dir - straight line The zap hits the giant cockroach.
You kill the giant cockroach!
The zap misses Sigmund.
The zap hits Jessica.
Jessica is severely wounded.
The zap misses Jessica.
Sigmund hits you from afar with a +0 scythe!
You die...

#.......# ##.<##
#.#...#.# ##..^.#
######### #.#...#.#
#.....# #........
#.......# ##....#
#.####### #......ยง#
##.### ###.# #.......#
#.#####...#
##.#.##.####
#.......###
...........###########
##.#.##.##@@.@.# #...
...######.# #.##.#@##
... # # #. .##.# #. .#
# #. .# .# .#


You could see Sigmund and Jessica.

Vanquished Creatures
  A worm (D:2)
  A dart slug (D:1)
  5 bats (D:1)
  2 endoplasms
  A giant cockroach (D:2)
  5 goblins (D:1)
  5 hobgoblins (D:1)
  4 kobolds (D:1)
  A quokka (D:1)
  2 ball pythons (D:1)
  3 frilled lizards
30 creatures vanquished.

Notes
Turn   | Place    | Note
-------+----------+-------------------------------------------
     0 | D:1      | adizb the Draconian Air Elementalist began the quest for
                  | the Orb.
     0 | D:1      | Reached XP level 1. HP: 14/14 MP: 3/3
   115 | D:1      | Reached XP level 2. HP: 9/20 MP: 0/5
   421 | D:1      | Found a faded altar of an unknown god.
   477 | D:1      | Reached XP level 3. HP: 24/26 MP: 6/6
  1043 | D:2      | Noticed Jessica
  1050 | D:2      | Noticed Sigmund
  1062 | D:2      | Slain by Sigmund

Illustrated notes

Levels and vault maps discovered:
D:1:      tarquinn_simple_flora_water_f, layout_basic,
          shapermc_ecumenical_altar_mp_urbaneastern, minmay_distorted
D:2:      layout_loops_cross, uniq_jessica, uniq_sigmund

Skill      XL: |  1  2  3 |
---------------+----------+-----
Conjurations   | 2 |  2.0
Dodging        | |  1.7
Stealth        | |  1.7
Spellcasting   | |  2.5
Air Magic      | |  3.5

Action                   || total
-------------------------++-------
Melee: Dagger            ||    84
       Tailslap          ||    10
       Punch             ||     1
 Cast: Shock             ||    12
  Use: Potion            ||     1
 Stab: Sleeping          ||     2
Armor: Skin              ||    58
Dodge: Dodged            ||    81
